 Dungeon Crawl Stone Soup version 0.23.2-33-g5129a83184 (webtiles) character file.

Game seed: 15443309698423330814

205 psyvane the Changer (level 5, -2/33 HPs)
             Began as an Octopode Transmuter on July 6, 2019.
             Was a Follower of Kikubaaqudgha.
             Slain by an orc
             ... wielding a +0 trident
              (7 damage)
             ... on level 4 of the Dungeon.
             The game lasted 00:14:54 (3279 turns).

psyvane the Changer (Octopode Transmuter)           Turns: 3279, Time: 00:14:55

Health: -2/33      AC:  2    Str:  9    XL:     5   Next: 83%
Magic:  1/8        EV: 20    Int: 15    God:    Kikubaaqudgha [*.....]
Gold:   98         SH:  0    Dex: 19    Spells: 2/8 levels left

rFire    . . .     SeeInvis .     - Unarmed
rCold    . . .     Gourm    .   (shield currently unavailable)
rNeg     . . .     Faith    .   (helmet currently unavailable)
rPois    x         Spirit   .   l - amulet of rage
rElec    .         Reflect  .   (no ring)
rCorr    +         Harm     .   h - ring of resist corrosion
MR       .....                  (no ring)
Stlth    ++........             (no ring)
HPRegen  0.11/turn              (no ring)
MPRegen  0.11/turn              (no ring)
                                (no ring)
                                (no ring)

@: spider-form (expiring), very slightly contaminated
A: tiny, almost no armour, stealthy swim, (amphibious), 8 rings, (constrict 8)
a: End Transformation, Receive Corpses, Renounce Religion, Evoke Berserk Rage


You were on level 4 of the Dungeon.
You worshipped Kikubaaqudgha.
Kikubaaqudgha was aware of your devotion.
You were not hungry.
You were a venomous arachnid creature.
You visited 1 branch of the dungeon, and saw 4 of its levels.

You collected 98 gold pieces.

Inventory:

Missiles
 a - 12 arrows
 g - 5 poisoned javelins (quivered)
Jewellery
 h - a ring of resist corrosion (right front leg)
 i - an uncursed ring of attention
 l - an amulet of rage (around neck)
 o - an uncursed amulet of the gourmand {unknown}
Wands
 j - a wand of random effects (13)
Scrolls
 m - a scroll of teleportation
 n - a scroll of amnesia {unknown}
Potions
 b - a potion of curing {unknown}
 d - 2 potions of agility {unknown}
 e - 5 potions of flight {unknown}
 f - 2 potions of haste {unknown}
 k - 2 potions of heal wounds {unknown}
 p - a potion of mutation {unknown}
Comestibles
 c - 9 rations


   Skills:
 - Level 1.0 Fighting
 - Level 2.0 Dodging
 - Level 3.7 Unarmed Combat
 - Level 2.0 Spellcasting
 * Level 5.1 Transmutations
 - Level 1.3 Poison Magic


You had 2 spell levels left.
You knew the following spells:

 Your Spells              Type           Power        Failure   Level  Hunger
a - Beastly Appendage     Tmut           ###...       10%         1    #......
b - Sticks to Snakes      Tmut           ###.....     13%         2    ###....
c - Spider Form           Tmut/Pois      ##........   38%         3    ###....

Your spell library contained the following spells:

 Spells                   Type           Power        Failure   Level  Hunger
 Pain                     Necr           #...         43%         1    #......
 Corpse Rot               Necr           N/A          54%         2    ###....
 Sublimation of Blood     Necr           #.........   54%         2    ###....
 Regeneration             Chrm/Necr      #.........   75%         3    ###....
 Blade Hands              Tmut           ###.......   78%         5    ######.
 Ice Form                 Ice/Tmut       #.......     80%         4    #####..


Dungeon Overview and Level Annotations

Branches:
Dungeon (4/15)
 Temple: D:4-7

Altars:
Elyvilon
Kikubaaqudgha
Trog
Xom


Innate Abilities, Weirdness & Mutations

You cannot wear most types of armour.
You are very stealthy in the water. (Stealth+)
((You are amphibious.))
You can wear up to eight rings at the same time.
((You can use your tentacles to constrict eight enemies at once.))
((Your skin changes colour to match your surroundings (Stealth+).))
((Your rubbery body absorbs attacks. (AC +1, EV +1)))


Message History

Pain shoots through your body!
You hit the orc priest.
The orc priest is moderately wounded.
The orc priest closely misses you.
You hit the orc priest.
The orc priest is poisoned.
The orc priest is severely wounded.
The orc misses you. The orc priest closely misses you.
You closely miss the orc priest.
The orc priest is severely wounded.
The orc completely misses you.
The orc priest hits you with a +0 war axe!
* * * LOW HITPOINT WARNING * * *
You bite the orc priest!
You kill the orc priest!
Kikubaaqudgha accepts your kill.
Your Transmutations skill increases to level 5!
Your transformation is almost over.
The orc hits you from afar with a +0 trident!
You die...
Kikubaaqudgha rasps: "You have failed me!
Welcome... death!"

#.......(.....#####.
#.#.#######...## #.
#.#.# #...## #.
#<#.########..#.###.
#...).....†..###.##.
###.###.#####.## ##...
... #.....##.###.###
###.###.#(......#.....
#..s....#####..##
#o####### #..# #.
########..# #.
....>.....# #.
########.###### ##
#....... ########


You could see an orc.

Vanquished Creatures
  An orc priest (D:4)
  An orc wizard (D:4)
  5 adders
  An ooze (D:3)
  An adder skeleton (D:4)
  4 worms
  2 dart slugs
  2 leopard geckos (D:2)
  3 orcs
  8 bats
  2 giant cockroaches
  6 goblins
  7 hobgoblins
  10 jackals
  14 kobolds
  2 quokkas (D:3)
  2 ball pythons (D:2)
  A frilled lizard (D:3)
  7 rats
79 creatures vanquished.

Notes
Turn   | Place    | Note
-------+----------+-------------------------------------------
     0 | D:1      | psyvane the Octopode Transmuter began the quest for the
                  | Orb.
     0 | D:1      | Reached XP level 1. HP: 13/13 MP: 3/3
    73 | D:1      | Reached XP level 2. HP: 8/18 MP: 3/5
   240 | D:1      | Learned a level 2 spell: Sticks to Snakes
   673 | D:2      | Reached XP level 3. HP: 23/23 MP: 4/6
   696 | D:2      | Learned a level 3 spell: Spider Form
  1013 | D:2      | Reached skill level 1 in Poison Magic
  1190 | D:2      | Found an ancient bone altar of Kikubaaqudgha.
  1196 | D:2      | Became a worshipper of Kikubaaqudgha
  1435 | D:2      | Reached skill level 3 in Transmutations
  1435 | D:2      | Reached XP level 4. HP: 20/28 MP: 2/7
  2609 | D:3      | Reached skill level 4 in Transmutations
  2635 | D:3      | Reached XP level 5. HP: 33/33 MP: 8/8
  2664 | D:3      | Found a white marble altar of Elyvilon.
  2926 | D:4      | Found a bloodstained altar of Trog.
  2984 | D:4      | Found a shimmering altar of Xom.
  3059 | D:4      | Reached * piety under Kikubaaqudgha
  3059 | D:4      | Identified Kikubaaqudgha's Catalogue of Unholy Secrets
                  | (Kikubaaqudgha gifted it to you on level 4 of the Dungeon)
  3059 | D:4      | Received a gift from Kikubaaqudgha
  3278 | D:4      | Reached skill level 5 in Transmutations
  3279 | D:4      | Slain by an orc

Skill      XL: |  1  2  3  4  5 |
---------------+----------------+-----
Poison Magic   | 1 |  1.3
Transmutations | 3 4 5 |  5.1
Fighting       | |  1.0
Dodging        | |  2.0
Unarmed Combat | |  3.7
Spellcasting   | |  2.0

Action                   |  1- 3 |  4- 6 || total
-------------------------+-------+-------++-------
Melee: Unarmed           |    91 |   101 ||   192
       Constrict         |    20 |    18 ||    38
       Kick              |    11 |    11 ||    22
       Tentacles         |     5 |     7 ||    12
       Punch             |     2 |       ||     2
 Cast: Beastly Appendage |    24 |    12 ||    36
       Spider Form       |     2 |     6 ||     8
  Use: Scroll            |     4 |     3 ||     7
 Stab: Sleeping          |     5 |     1 ||     6
  Eat: Chunk             |     2 |     7 ||     9
Armor: Skin              |     6 |     8 ||    14
Dodge: Dodged            |    71 |    68 ||   139
